 Dungeon Crawl Stone Soup version 0.31.0-11-ge490571c62 (webtiles) character file.

Game seed: 363009727733386187

56520 SnakkuSnakku7 the Spry (level 13, 0/103 HPs)
             Began as a Merfolk Air Elementalist on Jan 30, 2024.
             Was an Initiate of Okawaru.
             Slain by a manticore (17 damage)
             ... on level 8 of the Dungeon.
             The game lasted 00:33:40 (18850 turns).

SnakkuSnakku7 the Spry (Merfolk Air Elementalist)  Turns: 18850, Time: 00:33:41

Health: 0/103      AC: 12    Str: 10    XL:     13   Next: 82%
Magic:  16/16      EV: 19    Int: 15    God:    Okawaru [......]
Gold:   3027       SH:  5    Dex: 20    Spells: 16/16 levels left

rFire   + + .        a - +8 longbow "Zephyr" {speed, Dex+3 SInv}
rCold   + + .        (shield currently unavailable)
rNeg    . . .        u - +0 ring mail {rC+}
rPois   +            e - +2 helmet
rElec   .            l - scarf {rC+ rF+}
rCorr   .            A - +2 pair of gloves
SInv    +            z - +0 pair of boots
Will    .....        v - amulet of reflection
Stlth   ++           K - ring of poison resistance
HPRegen 0.37/turn    I - ring of protection from fire
MPRegen 0.15/turn

%: reflection
@: about to teleport
A: hated by all, inability to train armour, no conjurations magic, no fire
magic, no alchemy magic, disrupted magic 1, inexperienced 1, (nimble swimmer 2),
mertail
a: Renounce Religion


You were on level 8 of the Dungeon.
You worshipped Okawaru.
Okawaru was noncommittal.
You visited 3 branches of the dungeon, and saw 16 of its levels.
You also visited: Ossuary and Ice Cave.

You collected 3027 gold pieces.

Inventory:

Hand Weapons
 a - the +8 longbow "Zephyr" (weapon) {speed, Dex+3 SInv}
   (You found it on level 2 of the Lair of Beasts)

   Dex+3:     It affects your dexterity (+3).
   SInv:      It lets you see invisible.
Missiles
 i - 3 throwing nets
Armour
 e - a +2 helmet (worn)
 l - a scarf of resistance (worn)
 u - a +0 ring mail of cold resistance (worn)
 z - a +0 pair of boots (worn)
 A - a +2 pair of gloves (worn)
 G - a +0 cloak
Jewellery
 j - a ring of resist corrosion
 v - an amulet of reflection (around neck)
 I - a ring of protection from fire (right hand)
 K - a ring of poison resistance (left hand)
Wands
 c - a wand of flame (16)
 k - a wand of quicksilver (12)
 m - a wand of digging (4)
 H - a wand of iceblast (14)
Scrolls
 g - 2 scrolls of revelation
 q - a scroll of vulnerability
 r - 3 scrolls of teleportation
 w - a scroll of torment
 y - a scroll of poison
 O - a scroll of immolation
Potions
 b - a potion of lignification
 f - 2 potions of ambrosia {unknown}
 h - a potion of brilliance
 n - 2 potions of enlightenment {unknown}
 o - 2 potions of attraction
 s - a potion of haste {unknown}
 t - 8 potions of curing
 x - 4 potions of invisibility
 B - 2 potions of might
 F - a potion of resistance
 J - 3 potions of mutation
 L - a potion of cancellation
 M - 2 potions of heal wounds
 N - 3 potions of magic


   Skills:
 - Level 10.0 Fighting
 - Level 14.0 Long Blades
 + Level 13.7 Ranged Weapons
 - Level 15.0 Dodging
 - Level 2.1 Stealth
 - Level 5.4 Shields
 - Level 5.0 Unarmed Combat
 - Level 2.0 Spellcasting
 - Level 2.4 Air Magic


You had 16 spell levels left.
You didn't know any spells.
Your spell library contained the following spells:

 Spells                   Type           Power      Damage    Failure   Level
 Apportation              Tloc           2%         N/A       58%         1
 Freeze                   Ice            4%         1d3       58%         1
 Necrotise                Necr           4%         1d4       58%         1
 Slow                     Hex            4%         N/A       58%         1
 Swiftness                Air            8%         N/A       63%         3
 Lesser Beckoning         Tloc           2%         N/A       73%         2
 Confusing Touch          Hex            1%         N/A       90%         3
 Frozen Ramparts          Ice            2%         1d1       90%         3
 Gell's Gravitas          Tloc           1%         N/A       90%         3
 Sigil of Binding         Hex            1%         N/A       90%         3
 Teleport Other           Tloc           1%         N/A       90%         3
 Vampiric Draining        Necr           1%         2d6       90%         3
 Airstrike                Air            4%         2d(1-17)  95%         4
 Passage of Golubria      Tloc           1%         N/A       100%        4
 Borgnjor's Vile Clutch   Necr/Erth      0%         N/A       100%        5
 Metabolic Englaciation   Hex/Ice        0%         N/A       100%        5
 Silence                  Hex/Air        2%         N/A       100%        5
 Shock                    Conj/Air       Unusable   1d4       N/A         1
 Static Discharge         Conj/Air       Unusable   3-4/arc   N/A         2
 Foxfire                  Conj/Fire      Unusable   2x1d4     N/A         1
 Sting                    Conj/Alch      Unusable   1d3       N/A         1
 Summon Small Mammal      Summ           Unusable   N/A       N/A         1
 Scorch                   Fire           Unusable   2d5       N/A         2
 Hailstorm                Conj/Ice       Unusable   3d5       N/A         3
 Summon Lightning Spire   Summ/Air       Unusable   N/A       N/A         4
 Animate Dead             Necr           Unusable   N/A       N/A         4
 Flame Wave               Conj/Fire      Unusable   2d4       N/A         4
 Leda's Liquefaction      Alch/Erth      Unusable   N/A       N/A         4
 Petrify                  Alch/Erth      Unusable   N/A       N/A         4
 Death Channel            Necr           Unusable   N/A       N/A         6
 Plasma Beam              Fire/Air       Unusable   2x1d12    N/A         6
 Sculpt Simulacrum        Ice/Alch       Unusable   N/A       N/A         6
 Starburst                Conj/Fire      Unusable   6d3       N/A         6
 Summon Cactus Giant      Summ           Unusable   N/A       N/A         6
 Lehudib's Crystal Spear  Conj/Erth      Unusable   10d2      N/A         8

Dungeon Overview and Level Annotations

Branches:
Dungeon (10/15)            Temple (1/1) D:4            Lair (5/5) D:10
  Swamp (0/4) Lair:3       Spider (0/4) Lair:3        Slime (0/5) Lair:5
Ossuary (visited)           IceCv (visited)
    Orc: D:9-12

Altars:
Ashenzari
Cheibriados
Dithmenos
Elyvilon
Gozag
Kikubaaqudgha
Makhleb
Nemelex Xobeh
Okawaru
Qazlal
Ru
Sif Muna
Trog
Uskayaw
Vehumet
Wu Jian
Xom
Zin
The Shining One

Annotations:
D:8 Biggs's ghost, novice TrSh
D:10 4 transporters
Lair:5 3 runed translucent doors, Pooter's ghost, journeyman MiBe


Innate Abilities, Weirdness & Mutations

You are hated by all.
You cannot train Armour skill.
You cannot study or cast Conjurations magic.
You cannot study or cast Fire magic.
You cannot study or cast Alchemy magic.
Your casting is slightly disrupted.
You are somewhat inexperienced. (-1 XL)
((You are very nimble when in or above water. (Stealth+, EV+, Speed+++)))
Your lower body shifts to a powerful aquatic tail in water.


Message History

The arrow hits the black bear!!
The black bear is severely wounded.
The death yak misses you.
Unknown command.
You shoot an arrow. The arrow hits the death yak!!
The death yak is heavily wounded.
You shoot an arrow. The arrow hits the death yak.
The death yak is severely wounded.
The death yak gores you!
You shoot an arrow. The arrow hits the death yak.
The death yak is severely wounded.
The death yak completely misses you.
Unknown command.
You shoot an arrow. The arrow hits the death yak.
The death yak is severely wounded.
The black bear goes berserk!
The death yak gores you!!
You are too injured to fight recklessly!
You are too injured to fight recklessly!
Unknown command.
You are too injured to fight recklessly!
You shoot an arrow. The arrow hits the death yak.
The death yak is severely wounded.
The death yak barely misses you.
You shoot an arrow. The arrow barely misses the death yak.
The arrow hits the black bear!!
You kill the black bear!
Okawaru accepts your kill. The death yak gores you!
You shoot an arrow. The arrow hits the death yak!!
You kill the death yak!
Okawaru accepts your kill.
As you read the scroll of teleportation, it crumbles to dust.
You feel strangely unstable. The manticore bites you!
* * * LOW HITPOINT WARNING * * *
The manticore claws you but does no damage. x2
Unknown command.
You shoot an arrow. The arrow hits the manticore!!
The manticore is heavily wounded.
The manticore bites you!
You die...

##.## #.......# #.## #.......#
#.# #.......# #.# ###...### #.#
#...# #.# #.######### #.#
#.......... #.#
###############.######### #.#
#h.hhhYH@.......# #
#.#######h############### #
#.##...H..### # #.....Y!....#
############## ...#.h.#######
#.........[... ####hhh#Yhk.=#
#.############ #...#hh./.# #.# #
####...'.h..?#######.############
...#..h'h..[.#..............>....


You could see a manticore, a polar bear, a yak and 4 black bears.

Vanquished Creatures
  An eleionoma (Lair:3)
  Josephine (Lair:5)
  5 hydras
  Harold (D:9)
  A boulder beetle (Lair:1)
  A merfolk avatar (Lair:5)
  4 death yaks
  Urug (Lair:1)
  2 skysharks
  2 sea snakes (Lair:5)
  A harpy (Lair:5)
  A necromancer (IceCv)
  Maurice (D:7)
  11 elephants
  5 black mambas
  Joseph (Lair:1)
  An ice statue (IceCv)
  8 cane toads
  7 komodo dragons
  16 ice devils (IceCv)
  4 rime drakes (Lair:5)
  An anaconda simulacrum (IceCv)
  3 hornets
  5 polar bears
  A wind drake (Lair:5)
  6 dream sheep (Lair:5)
  26 blink frogs
  2 jumping spiders (Lair:3)
  2 snapping turtles (Lair:5)
  3 culicivoras (Lair:3)
  4 dire elephant simulacra (IceCv)
  2 spriggans (D:8)
  5 wraiths
  10 wyverns
  45 yaks
  6 death yak simulacra (IceCv)
  4 basilisks
  4 redbacks (Lair:3)
  A steam dragon (D:6)
  Menkaure (Ossuary)
  A harpy simulacrum (IceCv)
  A hydra simulacrum (IceCv)
  17 water moccasins
  An ice beast (D:8)
  2 orc warriors (D:8)
  2 sky beasts (D:8)
  2 black bears
  The ghost of browni3141 the Chopper, an amateur MiFi (D:4)
  22 wolves
  2 centaurs (D:8)
  2 ogres
  2 kobold brigands (D:7)
  20 bullfrogs
  A two-headed ogre simulacrum (IceCv)
  A gnoll sergeant (D:7)
  4 cane toad simulacra (IceCv)
  3 scorpions
  5 wights (D:9)
  3 elephant simulacra (IceCv)
  3 killer bees (D:9)
  5 howler monkeys
  A bombardier beetle (D:4)
  4 jellies
  An orc priest (D:4)
  5 hounds
  Crazy Yiuf (D:7)
  An iguana (D:7)
  3 sleepcaps (D:5)
  3 orc wizards (D:7)
  2 spriggan simulacra (IceCv)
  2 polar bear simulacra (IceCv)
  5 wolf simulacra (IceCv)
  3 mummies (Ossuary)
  14 gnolls
  9 adders
  A naga simulacrum (IceCv)
  17 white imps
  An ufetubus (IceCv)
  An adder skeleton (D:2)
  7 dart slugs
  24 orcs
  7 endoplasms
  5 giant cockroaches
  2 gnoll zombies (Ossuary)
  8 goblins
  5 hobgoblins
  2 jackals (D:2)
  10 kobolds
  A quokka (D:1)
  6 ball pythons
  6 bats
  3 frilled lizards (D:1)
  4 gnoll skeletons (Ossuary)
  A goblin skeleton (Ossuary)
  6 goblin zombies (Ossuary)
  2 hobgoblin skeletons (Ossuary)
  4 hobgoblin zombies (Ossuary)
  5 kobold skeletons (Ossuary)
  4 kobold zombies (Ossuary)
  6 orc skeletons (Ossuary)
  2 orc zombies (Ossuary)
  A quokka skeleton (D:2)
  5 rats
  7 rat skeletons (Ossuary)
  7 rat zombies (Ossuary)
520 creatures vanquished.

Vanquished Creatures (others)
  A skyshark (Lair:5)
  A howler monkey (D:9)
2 creatures vanquished.

Grand Total: 522 creatures vanquished

Notes
Turn   | Place    | Note
-------+----------+-------------------------------------------
     0 | D:1      | SnakkuSnakku7 the Merfolk Air Elementalist began the quest
                  | for the Orb.
     0 | D:1      | Reached XP level 1. HP: 13/13 MP: 3/3
    53 | D:1      | Reached skill level 1 in Fighting
   141 | D:1      | Reached XP level 2. HP: 20/21 MP: 0/5
   171 | D:1      | Reached skill level 1 in Unarmed Combat
   180 | D:1      | Found a faded altar of an unknown god.
   197 | D:1      | HP: 1/21 [frozen (1)]
   438 | D:1      | Reached XP level 3. HP: 22/27 MP: 2/6
  1009 | D:2      | Reached XP level 4. HP: 24/34 MP: 4/7
  1968 | D:3      | Noticed an ogre
  1986 | D:3      | Reached XP level 5. HP: 25/41 MP: 8/8
  2203 | D:3      | Killed an ogre
  2310 | D:3      | Reached XP level 6. HP: 32/48 MP: 9/9
  2450 | D:3      | Found a sparkling altar of Nemelex Xobeh.
  3052 | D:3      | Reached skill level 5 in Unarmed Combat
  3165 | D:3      | Identified 4 scrolls of acquirement
  3165 | D:3      | Acquired 987 gold pieces
  3168 | D:3      | Acquired the +6 buckler "Ricur" {Dex+3}
  3170 | D:3      | Acquired a +3 demon blade of venom
  3172 | D:3      | Acquired 1027 gold pieces
  3225 | D:4      | Found a runed translucent door.
  3234 | D:4      | Noticed browni3141's ghost (amateur MiFi)
  3267 | D:4      | Found a staircase to the Ecumenical Temple.
  3272 | D:4      | Reached skill level 1 in Long Blades
  3276 | Temple   | Entered the Ecumenical Temple
  3286 | Temple   | Became a worshipper of Ashenzari the Shackled
  3287 | Temple   | Fell from the grace of Ashenzari
  3346 | Temple   | Became a worshipper of Ru the Awakened
  3701 | D:4      | Reached XP level 7. HP: 54/54 MP: 10/10
  3880 | D:5      | Entered Level 5 of the Dungeon
  4003 | D:5      | Reached skill level 5 in Long Blades
  4349 | D:5      | Gained mutation: You cannot train Armour skill. [Ru
                  | sacrifice]
  4349 | D:5      | Reached * piety under Ru
  4697 | D:5      | Found a basalt altar of Yredelemnul.
  4706 | D:5      | Found an opulent altar of Gozag.
  4799 | D:5      | Was forgiven by Ashenzari
  4815 | D:6      | Reached XP level 8. HP: 60/60 MP: 11/11
  5080 | D:6      | Found a sand-covered staircase.
  5089 | Ossuary  | Entered an ossuary
  5388 | Ossuary  | Noticed Menkaure
  5394 | Ossuary  | Killed Menkaure
  5395 | Ossuary  | Reached skill level 10 in Long Blades
  5811 | D:7      | Reached XP level 9. HP: 59/65 MP: 12/12
  5849 | D:7      | Gained mutation: You cannot study or cast Fire magic. [Ru
                  | sacrifice]
  5849 | D:7      | Gained mutation: You cannot study or cast Alchemy magic.
                  | [Ru sacrifice]
  5849 | D:7      | Gained mutation: You cannot study or cast Conjurations
                  | magic. [Ru sacrifice]
  5849 | D:7      | Reached ** piety under Ru
  5896 | D:7      | Noticed Maurice
  5905 | D:7      | Something stole a +6 ring of intelligence
  5906 | D:7      | Something stole 2 throwing nets
  5912 | D:7      | Something stole 612 gold
  5944 | D:7      | Killed Maurice
  5984 | D:7      | Noticed a hornet
  5988 | D:7      | Killed a hornet
  6552 | D:7      | Found a runed translucent door.
  6553 | D:7      | Noticed Crazy Yiuf
  6835 | D:8      | Reached skill level 5 in Fighting
  6835 | D:8      | Reached XP level 10. HP: 71/74 MP: 13/13
  7141 | D:8      | Found a runed translucent door.
  7143 | D:8      | Noticed Biggs's ghost (novice TrSh)
  7145 | D:8      | Identified the +0 trident "Etoboylu" {flame, rCorr MP+9
                  | Stlth+}
  7303 | D:8      | Found a runed translucent gate.
  7303 | D:8      | Noticed a manticore
  7305 | D:8      | Noticed a death yak
  7306 | D:8      | Found a runed translucent gate.
  7306 | D:8      | Found a runed translucent gate.
  7306 | D:8      | Noticed a death yak
  7641 | D:8      | Found an ornate altar of the Wu Jian Council.
  7644 | D:8      | Found a glowing golden altar of the Shining One.
  7647 | D:8      | Found a hazy altar of Hepliaklqana.
  7828 | D:9      | Reached skill level 10 in Fighting
  7828 | D:9      | Reached skill level 3 in Dodging
  7935 | D:9      | Reached skill level 4 in Dodging
  7936 | D:9      | Gained mutation: You are hated by all. [Ru sacrifice]
  7936 | D:9      | Reached *** piety under Ru
  7936 | D:9      | Reached **** piety under Ru
  7966 | D:9      | Reached skill level 5 in Dodging
  8279 | D:9      | Reached skill level 6 in Dodging
  8279 | D:9      | Reached XP level 11. HP: 90/90 MP: 14/14
  8286 | D:9      | Reached skill level 7 in Dodging
  8298 | D:9      | Reached skill level 8 in Dodging
  8402 | D:9      | Noticed Harold
  8424 | D:9      | Killed Harold
  8425 | D:9      | Reached skill level 9 in Dodging
  8741 | D:10     | Entered Level 10 of the Dungeon
  9098 | D:10     | Noticed a death yak
  9100 | D:10     | Noticed a death yak
  9114 | D:10     | Killed a death yak
  9115 | D:10     | Reached skill level 10 in Dodging
  9125 | D:10     | Noticed a death yak
  9128 | D:10     | Killed a death yak
  9129 | D:10     | Reached skill level 11 in Dodging
  9277 | D:10     | Killed a death yak
  9383 | D:10     | Reached skill level 12 in Dodging
  9391 | D:10     | Found a staircase to the Lair.
  9509 | D:10     | Found a transporter.
  9525 | D:10     | Found a transporter.
  9686 | D:10     | Found a transporter.
  9690 | D:10     | Found a transporter.
  9831 | Lair:1   | Entered Level 1 of the Lair of Beasts
  9855 | Lair:1   | Noticed Joseph
  9868 | Lair:1   | Killed Joseph
  9887 | Lair:1   | Noticed Urug
  9899 | Lair:1   | Noticed a boulder beetle
  9902 | Lair:1   | Killed Urug
  9903 | Lair:1   | Reached skill level 13 in Dodging
  9913 | Lair:1   | Killed a boulder beetle
  9931 | Lair:1   | Reached XP level 12. HP: 87/97 MP: 15/15
  9949 | Lair:1   | Reached skill level 14 in Dodging
 10160 | Lair:1   | Reached skill level 15 in Dodging
 10338 | Lair:1   | Reached skill level 1 in Shields
 10662 | Lair:1   | Gained mutation: Your casting is slightly disrupted. [Ru
                  | sacrifice]
 10662 | Lair:1   | Reached ***** piety under Ru
 10975 | Lair:2   | Found the +8 longbow "Zephyr" {speed, Dex+3 SInv}
 11002 | Lair:2   | Reached skill level 5 in Shields
 11199 | Lair:2   | Reached skill level 1 in Ranged Weapons
 11961 | Lair:3   | Reached skill level 5 in Ranged Weapons
 12034 | Lair:3   | Noticed a five-headed hydra
 12133 | Lair:3   | Killed a five-headed hydra
 12134 | Lair:3   | Reached XP level 13. HP: 53/103 MP: 16/16
 12634 | Lair:3   | Found a hole to the Spider Nest.
 12685 | Lair:3   | Found a staircase to the Swamp.
 12685 | Lair:3   | Noticed an eleionoma
 13088 | Lair:3   | Killed an eleionoma
 13412 | Lair:3   | Gained mutation: You are somewhat inexperienced. (-1 XL)
                  | [Ru sacrifice]
 13412 | Lair:3   | Reached XP level 12. HP: 97/97 MP: 15/15
 13412 | Lair:3   | Reached ****** piety under Ru
 14142 | Lair:4   | Found a frozen archway.
 14157 | IceCv    | Entered an ice cave
 14658 | IceCv    | Found an ancient bone altar of Kikubaaqudgha.
 15187 | IceCv    | Reached skill level 10 in Ranged Weapons
 15201 | IceCv    | Got Zuymn's Commentary on Frostbite
 15850 | IceCv    | Identified the +7 whip "Lygig" {freeze, +Blink rPois rF-
                  | Dex+5}
 16053 | Lair:4   | Reached XP level 13. HP: 86/103 MP: 16/16
 16505 | Lair:5   | Entered Level 5 of the Lair of Beasts
 16656 | Lair:5   | Found a runed translucent gate.
 16656 | Lair:5   | Found a runed translucent gate.
 16656 | Lair:5   | Found a runed translucent gate.
 16656 | Lair:5   | Noticed Pooter's ghost (journeyman MiBe)
 17385 | Lair:5   | Noticed Josephine
 17398 | Lair:5   | Killed Josephine
 17622 | Lair:5   | Identified the +6 great sword "Voekashocvu" {spect,
                  | ^Fragile rF+ rC+ Stlth+}
 17851 | Lair:5   | Found a staircase to the Slime Pits.
 17995 | D:10     | Fell from the grace of Ru
 18128 | Temple   | Became a worshipper of Warmaster Okawaru
 18176 | D:4      | Killed browni3141's ghost
 18397 | D:7      | Killed Crazy Yiuf
 18850 | D:8      | Slain by a manticore

Illustrated notes

Levels and vault maps discovered:
D:1:      mrwooster_arrival_statue, layout_basic,
          shapermc_ecumenical_altar_mp_ritualfount
D:2:      layout_loops_ring, serial_undead, serial_undead_e, serial_undead_b,
          serial_undead_e, serial_undead_c
D:3:      layout_basic, nemelex_diamond_rough_becter, minmay_three_crescents
D:4:      layout_gridville, minmay_temple_entry_proselytizer,
          ebering_ghost_reflecting_pool
D:5:      layout_basic, jmf_multi_god_temple2, glass_columns_a
D:6:      layout_cave_pools, enter_ossuary_1
D:7:      layout_cave_pods, minmay_a_box_with_orc_wizards_in_it, uniq_maurice,
          uniq_crazy_yiuf_cottage
D:8:      lemuel_bear_cage, layout_loops_ring, grunt_temple_overflow_diamond,
          ebering_ghost_funeral_grove, hangedman_decor_slide_cut
D:9:      layout_loops_ring, grunt_ministairs_11,
          hangedman_abyss_or_decor_passed, uniq_harold
D:10:     layout_basic, dpeg_lair_monsters, nicolae_diode_intersection
Temple:   regret_index_temple_sphere_string
Lair:1:   layout_loops_ring, grunt_megastairs_1, uniq_urug, uniq_joseph
Lair:2:   layout_chaotic_city, serial_bayou_shore_a, lemuel_fruit_tree,
          infiniplex_staircase_pool_2, lemuel_fruit_fields
Lair:3:   layout_cave_pods, alex1729_swamp_entry_worm_eleionoma,
          nicolae_spider_entry_tight_spaces, grunt_megastairs_5
Lair:4:   layout_regular_city, portal_ice_cave_entry_imps
Lair:5:   gammafunk_lair_ancient_temple, layout_concentric_octagons,
          dpeg_slime_entry_enclosed, ebering_ghost_rock_garden,
          eino_small_chamber_without_monster, uniq_josephine

Skill      XL: |  1  2  3  4  5  6  7  8  9 10 11 12 13 |
---------------+----------------------------------------+-----
Fighting       | 1 2 3 4 5 10 | 10.0
Unarmed Combat | 1 2 3 4 5 |  5.0
Long Blades    | 4 7 11 14 | 14.0
Dodging        | 6 13 15 | 15.0
Shields        | 5 |  5.4
Ranged Weapons | 10 13 | 13.7
Stealth        | |  2.1
Spellcasting   | |  2.0
Air Magic      | |  2.4

Action                     |  1- 3 |  4- 6 |  7- 9 | 10-12 | 13-15 || total
---------------------------+-------+-------+-------+-------+-------++-------
  Melee: Unarmed           |   163 |   177 |       |       |       ||   340
         Punch             |     1 |     4 |       |       |       ||     5
         Demon blade       |       |    17 |   319 |   529 |   109 ||   974
         Tailslap          |       |       |       |     1 |       ||     1
   Fire: Longbow           |       |       |       |   361 |   440 ||   801
  Throw: Throwing net      |       |     2 |       |       |       ||     2
   Cast: Shock             |    23 |     1 |       |       |       ||    24
 Invoke: Renounce Religion |       |     1 |       |       |     1 ||     2
         Sacrifice Durabil |       |       |     1 |       |       ||     1
         Sacrifice Arcana  |       |       |     1 |       |       ||     1
         Sacrifice Love    |       |       |       |     1 |       ||     1
         Sacrifice Essence |       |       |       |     1 |       ||     1
         Sacrifice Experie |       |       |       |     1 |       ||     1
  Evoke: Wand              |       |       |     1 |       |       ||     1
    Use: Scroll            |       |     4 |       |    22 |    12 ||    38
         Potion            |       |       |     3 |     1 |       ||     4
   Stab: Sleeping          |     4 |     2 |       |       |     1 ||     7
         Held in net/web   |       |     2 |       |       |       ||     2
         Distracted        |       |       |     1 |     7 |       ||     8
         Betrayed ally     |       |       |     1 |       |       ||     1
         Invisible         |       |       |       |     6 |     1 ||     7
 Armour: Robe              |    94 |    64 |       |       |       ||   158
         Scale mail        |       |    29 |   108 |    69 |       ||   206
         Ring mail         |       |       |       |   232 |   168 ||   400
  Dodge: Dodged            |   149 |    85 |    55 |   294 |   278 ||   861
  Block: Buckler           |       |     8 |   108 |   175 |    56 ||   347
         Other             |       |       |       |       |    43 ||    43
